Cogmind - Beta 13 @@@ ROGUE MODE // 2024.07.17 @ 14:24:47 Player: Sionnis Result: Self-destructed Performance ------------- Evolutions (1) 500 Regions Visited (6) 1200 Robots Destroyed (36) 180 Value Destroyed (878) 878 Prototype IDs (30) 600 Alien Tech Used (0) 0 Bonus (300) 300 TOTAL SCORE: 3658 Bonus ------- Aligned with FarCom 300 Cogmind --------- Core Integrity 207/400 Matter 266/300 Energy 265/265 System Corruption 0% Temperature Cool (0) Movement Walking (170) Ox1 Location -8/Mines Parts ------- > --- POWER (1) -------- Improved Ion Engine > --- PROPULSION (2) --- Potential Leg Potential Leg > --- UTILITY (2) ------ Huge Storage Unit Light Armor Plating > --- WEAPON (4) ------- Medium Laser Beam Rifle Light Assault Rifle Datajack > --- INVENTORY (25) --- Light Ion Engine Wheel Wheel Compact Wheel Compact Wheel High-capacity Matter Pod (200) High-capacity Matter Pod (200) Signal Interpreter Tractor Beam Small Laser Light Assault Rifle Light Assault Rifle Light Assault Rifle Light Assault Rifle Heavy Assault Rifle Peak State ------------ > --- POWER ------------ Improved Ion Engine > --- PROPULSION ------- Potential Leg Potential Leg > --- UTILITY ---------- Huge Storage Unit Light Armor Plating > --- WEAPON ----------- Medium Laser Beam Rifle Light Assault Rifle Heavy Assault Rifle > --- INVENTORY -------- Light Ion Engine Wheel Wheel Compact Wheel Compact Wheel High-capacity Matter Pod High-capacity Matter Pod Signal Interpreter Tractor Beam Small Laser Light Assault Rifle Light Assault Rifle Light Assault Rifle Light Assault Rifle Datajack [Rating: 31] Favorites ----------- Power Improved Ion Engine Engine Improved Ion Engine Propulsion Light Treads Treads Light Treads Leg Potential Leg Utility Huge Storage Unit Storage Huge Storage Unit Protection Light Armor Plating Weapon Light Assault Rifle Energy Gun Medium Laser Ballistic Gun Light Assault Rifle Ballistic Cannon Light Cannon Special Melee Weapon Datajack Build | -11 -10 -10 -9 -9 -9 -8 ------- Run | Yrd Mat Min Mat Min Exi Min Slots Evolved 2 | . . . 2 . . . Power . | . . . . . . . Propulsion . | . . . . . . . Utility . | . . . . . . . Weapon 2 | . . . 2 . . . Parts Attached 33 | 6 10 1 13 . 2 1 Power 4 | 1 1 . 2 . . . Engine 4 | 1 1 . 2 . . . Core . | . . . . . . . Reactor . | . . . . . . . Propulsion 9 | 2 3 . 2 . 2 . Treads 7 | 2 3 . 2 . . . Leg 2 | . . . . . 2 . Wheel . | . . . . . . . Hover . | . . . . . . . Flight . | . . . . . . . Utility 4 | 1 2 . 1 . . . Device . | . . . . . . . Storage 2 | 1 1 . . . . . Processor . | . . . . . . . Hackware . | . . . . . . . Protection 2 | . 1 . 1 . . . Artifact . | . . . . . . . Weapon 16 | 2 4 1 8 . . 1 Energy Gun 3 | . . . 3 . . . Energy Cannon . | . . . . . . . Ballistic Gun 9 | 2 2 . 5 . . . Ballistic Cannon 3 | . 2 1 . . . . Launcher . | . . . . . . . Special Weapon . | . . . . . . . Impact Weapon . | . . . . . . . Slashing Weapon . | . . . . . . . Piercing Weapon . | . . . . . . . Special Melee Weapon 1 | . . . . . . 1 Unidentified Prototypes . | . . . . . . . Parts Lost 9 | . 2 . 7 . . . Power 1 | . 1 . . . . . Propulsion 3 | . 1 . 2 . . . Utility . | . . . . . . . Weapon 5 | . . . 5 . . . Highest Loss Streak 5 | . 2 . 5 . . . To Critical Strikes . | . . . . . . . Average Slot Usage (%) 96 | . 95 85 83 100 99 100 Engine 9 | . 10 . 3 11 11 11 Treads 22 | . 27 28 19 22 14 . Leg 1 | . . . . . 6 22 Storage 11 | . 14 14 11 11 11 11 Protection 11 | . 13 14 11 11 11 11 Energy Gun 14 | . . . 6 22 22 22 Ballistic Gun 20 | . 22 1 21 22 22 22 Ballistic Cannon 4 | . 5 26 11 . . . Naked Turns . | . . . . . . . Heaviest Build 99 | 12 86 87 99 99 99 99 Greatest Support 60 | 40 40 40 40 40 60 60 Greatest Overweight (x) 4 | . 2 2 4 2 3 1 Average Overweight (x) 1 | . . 2 2 2 1 1 Largest Inventory Capacity 25 | 8 25 25 25 25 25 25 Average Capacity 21 | 6 11 25 25 25 25 25 Most Carried 16 | 3 8 10 9 16 15 15 Average Carried 9 | 2 6 9 6 9 15 15 Final Capacity 25 | 8 25 25 25 25 25 25 Final Carried 15 | 3 8 10 5 15 15 15 Class Distribution -------------------- 64% | Scavenger-Tank 30% | Mutant 5% | Tank Dominant Class ---------------- Mutant | -10/Materials Mutant | -10/Mines Tank | -9/Materials Scavenger-Tank | -9/Mines Scavenger-Tank | -9/Exiles Scavenger-Tank | -8/Mines Resources | -11 -10 -10 -9 -9 -9 -8 ----------- Run | Yrd Mat Min Mat Min Exi Min Matter Collected 1232 | 260 333 164 313 162 . . Remotely . | . . . . . . . Salvage Created 932 | . 450 118 266 98 . . Parts 72 | . 31 7 19 15 . . Haulers Intercepted 1 | . 1 . . . . . Recyclers Shooed . | . . . . . . . Parts Field Recycled . | . . . . . . . Retrieved Matter . | . . . . . . . Parts Self-Destructed . | . . . . . . . Prevented . | . . . . . . . Kills | -11 -10 -10 -9 -9 -9 -8 ------- Run | Yrd Mat Min Mat Min Exi Min Combat Hostiles Destroyed 29 | . 9 4 9 7 . . Guns 23 | . 8 . 8 7 . . Cannons 6 | . 1 4 1 . . . Classes Destroyed 10 | . 5 1 2 2 . . Worker 2 | . . . . 2 . . Builder 1 | . 1 . . . . . Hauler 1 | . 1 . . . . . Recycler 1 | . . 1 . . . . Operator 1 | . 1 . . . . . Watcher 3 | . 3 . . . . . Swarmer 9 | . . . 4 5 . . Grunt 16 | . 9 4 3 . . . Sentry 2 | . . . 2 . . . Assembled 2 | . . . . 2 . . Best Kill Streak 4 | . 2 3 4 4 . . Combat Bots Only 4 | . 2 2 4 4 . . Max Kills in Single Turn 2 | . 2 2 1 1 . . Gunslinging 1 | . 1 . . . . . Exploded . | . . . . . . . Melee . | . . . . . . . Uniques/NPCs Destroyed . | . . . . . . . Combat | -11 -10 -10 -9 -9 -9 -8 -------- Run | Yrd Mat Min Mat Min Exi Min Hostile Shots Fired 206 | . 66 23 70 23 13 11 Missed 53 | . 18 10 11 9 3 2 Damage Taken 1956 | . 610 192 696 167 131 160 Core 287 | . 71 23 115 21 57 . Absorbed by Shields . | . . . . . . . Redirected to Shielding 41 | . 15 4 22 . . . Core Remaining (%) 81 | 100 . 62 . . . . Volleys Fired 107 | . 57 16 20 13 1 . Largest 4 | . 2 2 4 4 3 . Hottest 149 | . 55 70 110 149 99 . Shots Fired 250 | . 106 32 62 47 3 . Gun 193 | . 97 . 46 47 3 . Cannon 57 | . 9 32 16 . . . Launcher . | . . . . . . . Special . | . . . . . . . Kinetic 224 | . 106 32 58 26 2 . Thermal 26 | . . . 4 21 1 . Explosive . | . . . . . . . Electromagnetic . | . . . . . . . Robot Hit Streak 15 | . 15 6 12 3 . . Robot Miss Streak 4 | . 4 2 3 4 . . Penetration Max . | . . . . . . . Secondary Targets 2 | . 1 . . 1 . . Max Gunslinging Chain 1 | . 1 . . 1 . . Shots Hit Robots 147 | . 67 22 38 19 . 1 Core Hits 56 | . 23 8 15 10 . . Critical Kills 1 | . 1 . . . . . Critical Parts Destroyed . | . . . . . . . Critical Strikes 3 | . 1 1 . 1 . . Burn 1 | . . . . 1 . . Destroy 1 | . 1 . . . . . Blast 1 | . . 1 . . . . Melee Attacks 1 | . . . . . . 1 Impact . | . . . . . . . Slashing . | . . . . . . . Piercing . | . . . . . . . Sneak Attacks . | . . . . . . . Combat Hostiles . | . . . . . . . Follow-up Attacks . | . . . . . . . Damage Inflicted 2105 | . 902 436 494 273 . . Guns 1454 | . 801 . 403 250 . . Cannons 618 | . 91 436 91 . . . Explosions . | . . . . . . . Melee . | . . . . . . . Ramming 33 | . 10 . . 23 . . Kinetic 1910 | . 892 436 470 112 . . Thermal 162 | . . . 24 138 . . Explosive . | . . . . . . . Electromagnetic . | . . . . . . . Impact . | . . . . . . . Slashing . | . . . . . . . Piercing . | . . . . . . . Highest Corruption . | . . . . . . . Average Corruption . | . . . . . . . Corruption Purged . | . . . . . . . Corruption Blocked . | . . . . . . . Overload Shots . | . . . . . . . Overflow Damage . | . . . . . . . Projectiles . | . . . . . . . Explosions . | . . . . . . . Melee . | . . . . . . . Knockbacks 14 | . 1 12 1 . . . Impact . | . . . . . . . Kinetic 12 | . 1 10 1 . . . Secondary 2 | . . 2 . . . . Self-Inflicted Damage . | . . . . . . . Shots . | . . . . . . . Rammed 1 | . 1 . . . . . Targets Rammed 4 | . 2 . . 2 . . Kicked . | . . . . . . . Crushed 3 | . 1 . . 2 . . Highest Temperature 341 | . 15 50 137 341 42 1 Average Temperature 80 | . 3 23 63 142 17 1 Received Heat Transfer 922 | . 372 129 309 . 40 72 Effects 2 | . . . . 2 . . Energy Bleed 1 | . . . . 1 . . Interference 1 | . . . . 1 . . Siege Activations . | . . . . . . . Robots Corrupted . | . . . . . . . Combat Hostiles . | . . . . . . . Parts Fried . | . . . . . . . Impact Corruptions . | . . . . . . . Robots Melted . | . . . . . . . Combat Hostiles . | . . . . . . . Parts Melted . | . . . . . . . Heat Transferred 518 | . . . 74 444 . . Parts Sabotaged . | . . . . . . . Parts Stolen . | . . . . . . . Parts Stripped . | . . . . . . . Power Chain Reactions . | . . . . . . . Alert | -11 -10 -10 -9 -9 -9 -8 ------- Run | Yrd Mat Min Mat Min Exi Min Peak Influence 278 | . 278 105 220 115 . . Initial 85 | . . . 40 85 . . Average 74 | . 122 45 134 45 . . Maximum Alert Level 1 | . 1 . 1 . . . Low Security (%) 93 | 100 88 100 64 100 . 100 Level 1 6 | . 11 . 35 . . . Level 2 . | . . . . . . . Level 3 . | . . . . . . . Level 4 . | . . . . . . . Level 5 . | . . . . . . . High Security . | . . . . . . . Max Security . | . . . . . . . Squads Dispatched 4 | . 3 . 1 . . . Investigation 2 | . 2 . . . . . Extermination . | . . . . . . . Reinforcement 2 | . 1 . 1 . . . Assault . | . . . . . . . Garrison . | . . . . . . . Intercept . | . . . . . . . Searches Triggered . | . . . . . . . Construction Impeded . | . . . . . . . Haulers Reinforced . | . . . . . . . Active Scanning Responses . | . . . . . . . Cargo Convoy Interrupts . | . . . . . . . Stealth | -11 -10 -10 -9 -9 -9 -8 --------- Run | Yrd Mat Min Mat Min Exi Min Distress Signals 2 | . 2 . . . . . Communications Jammed . | . . . . . . . Distress Signals . | . . . . . . . Times Spotted 57 | . 23 4 12 8 5 5 Peak Tracking Total 9 | . 5 2 7 3 9 4 Tactical Retreats . | . . . . . . . Traps | -11 -10 -10 -9 -9 -9 -8 ------- Run | Yrd Mat Min Mat Min Exi Min Traps Triggered 3 | . 3 . . . . . Indirectly . | . . . . . . . Trap Hack Attempts . | . . . . . . . Triggered . | . . . . . . . Disarmed . | . . . . . . . Reprogrammed . | . . . . . . . Reused . | . . . . . . . Traps Extracted . | . . . . . . . Installed . | . . . . . . . Triggered . | . . . . . . . Machines | -11 -10 -10 -9 -9 -9 -8 ---------- Run | Yrd Mat Min Mat Min Exi Min Machines Disabled 2 | . . . . 1 1 . Max in Single Turn 1 | . . . . 1 1 . Machines Repaired . | . . . . . . . Machines Dismantled . | . . . . . . . Machines Sabotaged . | . . . . . . . Overloaded Fab Kills . | . . . . . . . Hacking | -11 -10 -10 -9 -9 -9 -8 --------- Run | Yrd Mat Min Mat Min Exi Min Machines Accessed 7 | . 4 . 1 1 1 . Terminals 5 | . 3 . 1 1 . . Fabricators . | . . . . . . . Repair Stations . | . . . . . . . Recycling Units 1 | . 1 . . . . . Scanalyzers . | . . . . . . . Garrison Access . | . . . . . . . Total Hacks 21 | . 16 . 3 1 1 . Successful 11 | . 8 . 2 . 1 . Failed 10 | . 8 . 1 1 . . Catastrophic 1 | . . . . 1 . . Database Lockouts . | . . . . . . . Manual 17 | . 13 . 3 . 1 . Terminals 19 | . 15 . 3 1 . . Fabricators . | . . . . . . . Repair Stations . | . . . . . . . Recycling Units 1 | . 1 . . . . . Scanalyzers . | . . . . . . . Garrison Access . | . . . . . . . Terminal Hacks 7 | . 5 . 1 . 1 . Robot Analysis 2 | . 2 . . . . . Prototype ID Bank 1 | . 1 . . . . . Branch Access Points 2 | . 1 . 1 . . . Hauler Manifests 1 | . 1 . . . . . Derelict Proto ID Bank 1 | . . . . . 1 . Fabricator Hacks . | . . . . . . . Repair Station Hacks . | . . . . . . . Recycling Unit Hacks 1 | . 1 . . . . . Retrieve Components 1 | . 1 . . . . . Scanalyzer . | . . . . . . . Garrison Access Hacks . | . . . . . . . Unauthorized Hacks 3 | . 2 . 1 . . . Terminals 3 | . 2 . 1 . . . Botnet 2 | . 1 . 1 . . . Operators 1 | . 1 . . . . . Fabricators . | . . . . . . . Repair Stations . | . . . . . . . Recycling Units . | . . . . . . . Scanalyzers . | . . . . . . . Garrison Access . | . . . . . . . Data Cores Recovered . | . . . . . . . Used . | . . . . . . . Hacking Detections 4 | . 2 . 1 1 . . Full Trace Events 1 | . 1 . . . . . Feedback Events . | . . . . . . . Feedback Blocked . | . . . . . . . Robot Schematics Acquired . | . . . . . . . Robots Built . | . . . . . . . Authchips . | . . . . . . . Time . | . . . . . . . Total Robot Build Rating . | . . . . . . . Part Schematics Acquired . | . . . . . . . Parts Built . | . . . . . . . Authchips . | . . . . . . . Time . | . . . . . . . Total Part Build Rating . | . . . . . . . Parts Repaired . | . . . . . . . Time . | . . . . . . . Parts Recycled . | . . . . . . . Recycled Matter . | . . . . . . . Retrieved Matter . | . . . . . . . Retrieved Components 9 | . 9 . . . . . Parts Scanalyzed . | . . . . . . . Part Schematics Acquired . | . . . . . . . Parts Damaged . | . . . . . . . Bothacking | -11 -10 -10 -9 -9 -9 -8 ------------ Run | Yrd Mat Min Mat Min Exi Min Used RIF Installer . | . . . . . . . Robots Hacked 1 | . . . . . . 1 Non-combat . | . . . . . . . Combat 1 | . . . . . . 1 Robot Hacks Applied 1 | . . . . . . 1 parse_system 1 | . . . . . . 1 Relay Couplers Released . | . . . . . . . Fabnet Peak Effective % . | . . . . . . . Robots Rewired . | . . . . . . . Allies Hacked . | . . . . . . . Hacks Repelled . | . . . . . . . Allies | -11 -10 -10 -9 -9 -9 -8 -------- Run | Yrd Mat Min Mat Min Exi Min Total Allies . | . . . . . . . Largest Group . | . . . . . . . Highest-Rated Group . | . . . . . . . Highest-Rated Ally . | . . . . . . . Total Orders . | . . . . . . . Ally Attacks . | . . . . . . . Total Damage . | . . . . . . . Kills . | . . . . . . . Allies Corrupted . | . . . . . . . Allies Melted . | . . . . . . . Intel | -11 -10 -10 -9 -9 -9 -8 ------- Run | Yrd Mat Min Mat Min Exi Min Robot Analysis Total 2 | . 2 . . . . . Derelict Logs Recovered 2 | . . 1 . 1 . . Drone Launches . | . . . . . . . Drone Recoveries . | . . . . . . . Exploration | -11 -10 -10 -9 -9 -9 -8 ------------- Run | Yrd Mat Min Mat Min Exi Min Turns Passed 3604 | 60 804 228 332 1637 536 7 Spaces Moved 1059 | 34 327 55 75 355 211 2 Core 5 | 5 . . . . . . Treads 954 | 29 327 55 75 355 113 . Legs 100 | . . . . . 98 2 Wheels . | . . . . . . . Hover . | . . . . . . . Flight . | . . . . . . . Fastest Speed 50 | 50 160 320 320 320 170 170 Average Speed 258 | 143 183 320 328 320 251 170 Slowest Speed 480 | 160 320 320 480 320 330 170 Overloaded Moves . | . . . . . . . Propulsion Burnouts . | . . . . . . . Robots Hopped . | . . . . . . . Cave-ins Triggered . | . . . . . . . Exploration Rate (%) 28 | 5 49 15 11 59 61 2 Regions Visited 6 Branch Regions 4 Pre-discovered Areas 1 | . . 1 . . . . Known Exits Taken 2 | . 1 . 1 . . . Unknown Exits Taken 4 | 1 . 1 . 1 1 . Scrap Searched 2 | . . 1 . 1 . . Spaces Dug . | . . . . . . . Terrain Destroyed . | . . . . . . . Melee . | . . . . . . . Projectile . | . . . . . . . AOE . | . . . . . . . Terrain Rammed . | . . . . . . . Walls Destroyed . | . . . . . . . Machines Disabled . | . . . . . . . Actions | -11 -10 -10 -9 -9 -9 -8 --------- Run | Yrd Mat Min Mat Min Exi Min Total 1703 | 42 424 76 116 826 215 4 Wait 473 | . 19 3 8 443 . . Move 1053 | 33 326 54 74 354 210 2 Hop . | . . . . . . . Pick Up 23 | 3 6 2 . 12 . . Fast Attach 17 | 6 5 . 4 . 2 . Attach 8 | . 1 . 7 . . . Detach . | . . . . . . . Swap 8 | . 4 1 2 . . 1 Drop 9 | . 4 . 1 2 2 . Fire 107 | . 57 16 20 13 1 . Melee 1 | . . . . . . 1 Ram . | . . . . . . . Kick . | . . . . . . . Crush 4 | . 2 . . 2 . . Escape Stasis . | . . . . . . . Rewire . | . . . . . . . Trap . | . . . . . . . Miscellaneous . | . . . . . . . Route ------- -11/Scrapyard -10/Materials (discovered 3 exits: *Mat / *Min x2) -10/Mines -9/Materials (discovered 4 exits: *Min x2 / Sto x2) -9/Mines (discovered 2 exits: [*Mat] / *Exi) -9/Exiles -8/Mines History --------- Turn | Location | Event 3 | -11/Scrapyard | Discovered new exit (range 15) 61 | -11/Scrapyard | Entered Materials 300 | -10/Materials | Build established: Mutant 349 | -10/Materials | Identified exit to Mines 388 | -10/Materials | Discovered new exit (range 10) 865 | -10/Materials | Entered Mines 866 | -10/Mines | Learned location of Storage (-9) 904 | -10/Mines | Learned Materials stockpile data 1027 | -10/Mines | Discovered new exit (range 8) 1093 | -10/Mines | Entered Materials 1093 | -9/Materials | Evolved 2 slots: Weapon x2 1137 | -9/Materials | Identified exit to Mines 1137 | -9/Materials | Identified exit to Storage 1346 | -9/Materials | Lost 5 parts (1n4w) 1425 | -9/Materials | Entered Mines 1432 | -9/Mines | Discovered new exit (range 9) 1519 | -9/Mines | Assembled infested the area 1596 | -9/Mines | Build established: Scavenger-Tank 2823 | -9/Mines | Learned Materials stockpile data 3050 | -9/Mines | Deemed a non-threat by the Exiles lab entrance 3050 | -9/Mines | Discovered new exit (range 5) 3062 | -9/Mines | Entered Exiles 3142 | -9/Exiles | Met 8R-AWN 3194 | -9/Exiles | Met EX-HEX 3286 | -9/Exiles | Met EX-BIN 3322 | -9/Exiles | Aligned with FarCom system 3325 | -9/Exiles | Given EX-Vault access code 3402 | -9/Exiles | Opened EX-Vault 3425 | -9/Exiles | Found Potential Leg 3430 | -9/Exiles | Found Potential Leg 3469 | -9/Exiles | Warned to stay clear of 0b10 Research branches 3518 | -9/Exiles | Met EX-DEC 3555 | -9/Exiles | Attacked by the Exiles 3584 | -9/Exiles | Discovered new exit (range 10) 3598 | -9/Exiles | Left Exiles lab with Potential Leg 3598 | -9/Exiles | Entered Mines 3599 | -8/Mines | 7V-RTL came to Exiles' defense 3605 | -8/Mines | Self-destructed Last Messages --------------- EXIT=FOUND A strange signal echoes through the mines. LOCATION=UNKNOWN GOAL=ESCAPE 7V-RTL: "I came as fast as I could... Wait, it was you!" C-30 ARC bursts open, deploying its payload. L-31 Rogue unfolds itself. G-47 Trooper unfolds itself. Slug penetrates G-47 Trooper. G-47 Trooper suffers critical hit (Destroy). Jacked 7V-RTL... >>parse_system Reading system data... New IDs: Mic. Neutrino Core Exp. Power Amplifier Exp. Energy Well Exp. Cooling System 7V-RTL's Ultimate Field Map ----- +----------------------------------------------------+ | ????????????????????????????????????????????????? | | ????????????????????????????????????????????????? | | ????????????????????????????????????????????????? | | ????????????????????????????????????????????????? | | ????????????????????????????????????????????????? | | ????????????????????????????????????????????????? | | ????????????????????????????????????????????????? | | ????????????????????????????????????????????????? | | ????????????????????????????????????????????????? | | ????????????????????????????????????????????????? | | ????????????????????????????????????????????????? | | ????????????????????????????????????????????????? | | ????????????????????????????????????????????????? | | ????????????????????????????????????????????????? | | ????????????????????????????????????????????????? | | ????????????????????????????????????????????????? | | ????????????????????????????????????????????????? | | ????????????????????????????????????????????????? | | ????????????????????????????????????????????????? | | ????????????????????????????????????????????????? | | ???????????????????????#######??????????????????? | | ???????????????????????# #??????????????????? | | ???????????????????????# #??????????????????? | | ???????????????????????# #??????????????????? | | ???????????????????????#g ####???????????????? | | ???????????????????????#g@ #???????????????? | | ???????????????????????#Yl ## #???????????????? | | ???????????????????????#######??????????????????? | | ????????????????????????????????????????????????? | | ????????????????????????????????????????????????? | | ????????????????????????????????????????????????? | | ????????????????????????????????????????????????? | | ????????????????????????????????????????????????? | | ????????????????????????????????????????????????? | | ????????????????????????????????????????????????? | | ????????????????????????????????????????????????? | | ????????????????????????????????????????????????? | | ????????????????????????????????????????????????? | | ????????????????????????????????????????????????? | | ????????????????????????????????????????????????? | | ????????????????????????????????????????????????? | | ????????????????????????????????????????????????? | | ????????????????????????????????????????????????? | | ????????????????????????????????????????????????? | | ????????????????????????????????????????????????? | | ????????????????????????????????????????????????? | | ????????????????????????????????????????????????? | | ????????????????????????????????????????????????? | | ????????????????????????????????????????????????? | | ????????????????????????????????????????????????? | +----------------------------------------------------+ Best States ------------- Heat Dissipation 28 Energy Generation 12 Energy Capacity 265 Matter Stores 300 Matter Capacity 300 Sight Range 16 Terrain Scan Density 10 Armor Coverage 150 Core Shielding 20 Evasion (%) 40 Recoil Reduction 2 Item Schematics ----------------- None Robot Schematics ------------------ None Fabricated ------------ Nothing Alien Tech Used ----------------- None Achievements -------------- None Challenges ------------ None Game ------ Seed KineticWarpFalx Manual? 1 Play Time 00:15:37 Cumulative 432.4 hours Start 2024.07.17 @ 14:05:22 End 2024.07.17 @ 14:24:47 Sessions 1 Manual Loads 0 Difficulty Rogue Special Mode None Game No. 245 Rogue 245 Adventurer 0 Explorer 0 Win Type - Total 29 Types 18/2/2/3/1/1/1/1/0 Lore% 82 Gallery% 93 Achievement% 95 Wizard Run 0 Options --------- Layout 1 ASCII 0 Keyboard 0 Movement Numpad Keybinds 0 Fullscreen 1 Font 24/Smallcaps Map View 50x35 Zoom Use 0% Tactical HUD 1 Map Filters NONE Filters NONE Steam 1 RUN: 6ca720e6-985c-45fd-8634-6e3be312473a